 Dungeon Crawl Stone Soup version 0.20-a0-971-g5896763 (console) character file.

39735 nht the Slicer (level 14, -2/108 HPs)
             Began as a Bultungin Enchanter on Apr 8, 2017.
             Was an Elder of Ashenzari.
             Slain by an alligator (8 damage)
             ... on level 4 of the Lair of Beasts.
             The game lasted 01:09:00 (18325 turns).

nht the Slicer (Bultungin Enchanter)               Turns: 18325, Time: 01:09:13

Health: -2/108     AC: 15    Str:  8    XL:     14   Next: 7%
Magic:  19/27      EV: 15    Int: 20    God:    Ashenzari [****..]
Gold:   1125       SH: 10    Dex: 14    Spells: 6/31 levels left

rFire    . . .     SeeInvis +   C - -2 dagger (curse)
rCold    . . .     Gourm    .   W - +0 shield
rNeg     . . .     Faith    .   i - +0 leather armour (curse)
rPois    .         Spirit   .   h - +0 helmet
rElec    .         Reflect  .   B - +1 cloak (curse)
rCorr    .         Harm     .   t - +2 pair of gloves
MR       .....     Clarity  +   x - +0 pair of boots
Stlth    ++++......             (no amulet)
Regen    0.3/turn               y - ring of wizardry
MPRegen  0.2/turn               b - +3 ring of protection

@: no status effects
A: short attention span, fangs 1, see invisible, strong nose
a: Curse Item, Scrying, Renounce Religion


You were on level 4 of the Lair of Beasts.
You worshipped Ashenzari.
Ashenzari was greatly pleased with you.
You were not hungry.

You visited 3 branches of the dungeon, and saw 17 of its levels.
You also visited: Volcano.

You collected 1125 gold pieces.

Inventory:

Hand Weapons
 a - a +2 dagger of freezing
 C - a cursed -2 dagger (weapon)
 X - the +6 flail "Huit" {protect, rElec rPois rF- Str+6}
   (You took it off an orc wizard on level 11 of the Dungeon)

   It protects the one who uses it against injury (+AC on strike).
   It affects your strength (+6).
   It makes you vulnerable to fire.
   It insulates you from electricity.
   It protects you from poison.
Missiles
 T - a throwing net (quivered)
Armour
 h - a +0 helmet (worn)
 i - a cursed +0 leather armour (worn)
 t - a +2 pair of gloves (worn)
 x - a +0 pair of boots (worn)
 B - a cursed +1 cloak (worn)
 P - +0 fire dragon scales
 U - a +3 ring mail of cold resistance
 W - a +0 shield (worn)
Jewellery
 b - a +3 ring of protection (right hand)
 l - an uncursed ring of resist corrosion
 n - an uncursed ring of protection from cold
 y - a ring of wizardry (left hand)
 S - an uncursed ring of poison resistance
Wands
 f - a wand of enslavement (10/24)
 g - a wand of random effects (10/48)
 v - a wand of lightning (6/15)
 H - a wand of paralysis (14/24)
 N - a wand of disintegration (13/24)
Scrolls
 e - a scroll of enchant weapon
 m - 2 scrolls of magic mapping
 p - 3 scrolls of identify
 E - 5 scrolls of teleportation
 K - a scroll of enchant armour
 M - 2 scrolls of silence
 O - a scroll of brand weapon
 V - a scroll of fear
Potions
 j - 2 potions of cancellation
 k - 4 potions of might
 q - a potion of haste
 r - 3 potions of heal wounds
 u - 3 potions of mutation
 w - 2 potions of agility
 D - 4 potions of brilliance
 F - 3 potions of curing
 I - a potion of flight
 L - 4 potions of berserk rage
Books
 c - a book of Maledictions

   Spells                             Type                      Level
   a - Corona                         Hexes                        1
   b - Ensorcelled Hibernation        Hexes/Ice                    2
   c - Confuse                        Hexes                        3
   d - Tukima's Dance                 Hexes                        3
   e - Dazzling Spray                 Conjuration/Hexes            3
 s - a book of Misfortune

   Spells                             Type                      Level
   a - Confusing Touch                Hexes                        1
   b - Confuse                        Hexes                        3
   c - Gell's Gravitas                Translocation                3
   d - Petrify                        Transmutation/Earth          4
   e - Metabolic Englaciation         Hexes/Ice                    5
   f - Yara's Violent Unravelling     Hexes/Transmutation          5
 G - a book of Callings

   Spells                             Type                      Level
   a - Summon Small Mammal            Summoning                    1
   b - Call Imp                       Summoning                    2
   c - Call Canine Familiar           Summoning                    3
   d - Summon Guardian Golem          Hexes/Summoning              3
   e - Summon Lightning Spire         Summoning/Air                4
   f - Summon Ice Beast               Ice/Summoning                4
 Y - a book of Power

   Spells                             Type                      Level
   a - Iskenderun's Battlesphere      Conjuration/Charms           5
   b - Venom Bolt                     Conjuration/Poison           5
   c - Bolt of Magma                  Conjuration/Fire/Earth       5
   d - Iron Shot                      Conjuration/Earth            6
   e - Orb of Destruction             Conjuration                  7
   f - Spellforged Servitor           Conjuration/Summoning        7
 Z - a book of Conjurations

   Spells                             Type                      Level
   a - Magic Dart                     Conjuration                  1
   b - Searing Ray                    Conjuration                  2
   c - Dazzling Spray                 Conjuration/Hexes            3
   d - Fulminant Prism                Conjuration/Hexes            4
   e - Force Lance                    Conjuration/Translocation    4
   f - Iskenderun's Mystic Blast      Conjuration                  4
Miscellaneous
 Q - a crystal ball of energy
Comestibles
 d - 7 bread rations
 o - 11 royal jellies
 z - a chunk of flesh
 J - 9 meat rations


   Skills:
 - Level 9.0 Fighting
 - Level 9.0(11.1) Short Blades
 - Level 9.0 Maces & Flails
 - Level 8.0 Armour
 - Level 9.0 Dodging
 - Level 8.0 Stealth
 - Level 9.0 Shields
 - Level 9.0 Spellcasting
 - Level 7.0 Conjurations
 - Level 7.0 Hexes
 - Level 9.0 Summonings
   Level 7.0 Translocations
 + Level 5.2 Transmutations
 - Level 7.0 Ice Magic
 - Level 7.0 Earth Magic
 - Level 9.0 Evocations


You had 6 spell levels left.
You knew the following spells:

 Your Spells              Type           Power        Failure   Level  Hunger
a - Corona                Hex            #####..      1%          1    None
b - Ensorcelled Hibernat  Hex/Ice        #####.       1%          2    None
c - Confuse               Hex            #####...     1%          3    None
d - Tukima's Dance        Hex            #####...     1%          3    None
e - Dazzling Spray        Conj/Hex       #####.       1%          3    None
g - Metabolic Englaciati  Hex/Ice        #####.....   16%         5    #####..
h - Summon Ice Beast      Ice/Summ       #####...     4%          4    ###....
i - Petrify               Tmut/Erth      ####....     9%          4    ###....


Dungeon Overview and Level Annotations

Branches:
Dungeon (11/15)            Temple (1/1) D:4            Lair (5/6) D:10
  Swamp (0/4) Lair:2       Spider (0/4) Lair:4
  Slime: Lair:5-6       Orc: D:9-12

Altars:
Ashenzari
Dithmenos
Gozag
Hepliaklqana
Nemelex Xobeh
Okawaru
Qazlal
Ru
Trog
Uskayaw
Vehumet
Xom
Yredelemnul
The Shining One

Annotations:
D:7 exclusion: oklob plant
D:11 Sonja
Lair:3 exclusion: oklob plant


Innate Abilities, Weirdness & Mutations

You have a short attention span.
You have very sharp teeth.
You have supernaturally acute eyesight. (SInv)
Your uncanny sense of smell can sniff out nearby items.


Message History

You block the alligator's attack. The alligator tail-slaps you.
You hit the alligator.
The alligator is almost dead.
The alligator bites you. You block the alligator's attack.
You hit the alligator but do no damage.
The alligator is almost dead.
A swamp worm comes into view.
You hit the alligator but do no damage. Your bite misses the alligator.
The alligator is almost dead.
The alligator bites you!
* * * LOW HITPOINT WARNING * * *
The alligator barely misses you.
A swamp dragon comes into view.
The swamp dragon roars deafeningly!
You hit the alligator but do no damage.
The alligator is almost dead.
The alligator bites you!
* * * LOW HITPOINT WARNING * * *
The alligator tail-slaps you!
You die...

≈≈≈≈≈≈≈≈..≈█≈≈≈≈≈≈ ≈ ≈ ≈ █.
≈≈≈≈≈█≈≈..≈≈≈█≈≈≈≈≈██≈≈ ≈ ≈ █.
≈≈≈██≈≈≈..P██≈█≈██≈≈(!≈≈ ≈ █.
≈█≈≈≈≈P≈.≈.█≈≈≈≈≈≈█≈..≈ ≈ ≈ *█.
≈≈≈█≈≈≈..≈≈≈≈█≈≈≈≈≈.≈█ ≈≈≈ ██.
≈≈≈█≈≈≈≈≈≈≈≈≈█≈≈≈≈..≈█ ≈≈≈ ≈█..
≈≈≈≈≈█≈≈≈.≈≈≈█≈█.≈≈≈≈█≈≈≈≈≈█≈███.
≈█≈█≈≈█≈.≈.≈.≈≈.≈█.≈P█≈≈█≈≈≈≈≈≈..
≈≈█≈≈≈≈≈█DP..y).@t≈.≈Pw≈.≈█..█≈██
≈≈≈█≈≈≈≈≈.≈.≈≈≈≈.≈≈.≈.P≈.≈≈≈.███
≈≈██≈≈.P.≈≈≈≈.█≈≈(≈≈≈..█≈ ≈≈█≈█.
*≈≈≈█.≈≈.P≈█≈█≈.≈≈≈█≈≈≈.██≈≈█≈≈██
* ≈...≈≈≈≈≈≈≈≈..≈≈≈≈≈≈≈≈███≈≈≈█ ≈
D≈≈≈≈≈≈≈≈≈≈≈≈≈≈.≈≈≈≈≈≈≈≈█≈≈█. ≈
{≈≈≈≈█≈≈≈≈≈≈≈≈P.≈≈≈█≈≈≈██≈≈≈≈≈ ≈
█≈≈≈≈≈≈≈█≈P..P≈≈≈≈█≈≈≈≈≈≈█≈≈.
████* *██≈≈≈.≈≈≈≈≈≈≈≈≈≈≈≈≈≈≈█.


You could see an alligator, a swamp dragon, a swamp worm and a vampire mosquito
(confused).

Vanquished Creatures
  A fire dragon (D:10)
  Harold (Lair:1)
  2 hydras
  Erica (D:8)
  An ogre mage (Volcano)
  6 two-headed ogres
  A queen ant (Lair:2)
  A hell knight (Volcano)
  An ugly thing (D:11)
  A manticore (D:11)
  3 black mambas
  A centaur zombie (D:10)
  A gargoyle (D:10)
  7 spiny frogs
  2 komodo dragons (Lair:4)
  3 rime drakes
  2 trolls
  The ghost of zhorgal the Cutter, a novice VSBe of Trog (D:6)
  A slime creature (Lair:4)
  5 hippogriffs
  6 blink frogs
  6 dream sheep (Lair:4)
  Sigmund (D:5)
  40 yaks
  A human (D:9)
  3 hogs (D:9)
  4 wraiths
  Eustachio (D:6)
  A basilisk (Lair:4)
  A hungry ghost (D:7)
  3 swamp worms (Lair:4)
  2 hell hounds (D:10)
  7 water moccasins
  18 soldier ants
  4 porcupines
  3 ice beasts
  5 orc warriors
  A sky beast (D:8)
  An eye of draining (D:9)
  4 phantoms
  A black bear (D:9)
  5 ogres
  4 wolves (Lair:3)
  The ghost of Gorglomux the Chopper, an amateur FoWr (D:10)
  4 centaurs
  4 crocodiles
  10 bullfrogs
  3 big kobolds
  A gnoll sergeant (D:8)
  4 scorpions
  A water moccasin skeleton (D:9)
  4 howler monkeys
  6 crimson imps
  4 bullfrog skeletons
  A bullfrog zombie (D:6)
  2 quasits
  7 hounds
  3 jellies
  7 orc priests
  A gnoll shaman (D:7)
  18 orc wizards
  2 centaur skeletons
  An iguana (D:10)
  27 worker ants
  A hound zombie (D:6)
  A howler monkey skeleton (D:5)
  12 gnolls
  23 adders
  4 shadow imps
  2 oozes (D:1)
  4 worms
  2 dart slugs
  10 leopard geckos
  69 orcs
  A ball python (D:2)
  9 giant cockroaches
  11 hobgoblins
  11 jackals
  10 quokkas
  5 bats
  2 frilled lizards (D:1)
  14 goblins
  22 kobolds
  9 rats
497 creatures vanquished.

Vanquished Creatures (collateral kills)
  Josephine (D:11)
  A catoblepas (Lair:2)
  4 two-headed ogres
  A molten gargoyle (Lair:2)
  A rime drake (Lair:4)
  A wraith (D:11)
  2 soldier ants (Lair:2)
  A scorpion (Lair:4)
  2 worker ants (Lair:2)
  A howler monkey skeleton (D:8)
  A worm (Lair:4)
  A giant cockroach (Lair:4)
  A quokka (D:8)
18 creatures vanquished.

Vanquished Creatures (others)
  3 dancing weapons
  2 fungi (Lair:4)
  2 plants (Lair:1)
7 creatures vanquished.

Grand Total: 522 creatures vanquished

Notes
Turn   | Place    | Note
-------+----------+-------------------------------------------
     0 | D:1      | nht the Bultungin Enchanter began the quest for the Orb.
     0 | D:1      | Reached XP level 1. HP: 13/13 MP: 4/4
   296 | D:1      | Reached XP level 2. HP: 11/19 MP: 4/6
   300 | D:1      | Learned a level 2 spell: Ensorcelled Hibernation
   499 | D:1      | Reached skill level 1 in Armour
   770 | D:1      | Reached XP level 3. HP: 24/24 MP: 7/7
  1342 | D:2      | Reached skill level 1 in Fighting
  1470 | D:2      | Reached XP level 4. HP: 23/32 MP: 7/9
  2040 | D:2      | Reached skill level 5 in Hexes
  2400 | D:3      | Reached XP level 5. HP: 38/38 MP: 7/10
  2405 | D:3      | Learned a level 3 spell: Confuse
  2409 | D:3      | Learned a level 3 spell: Tukima's Dance
  2444 | D:3      | Found a bloodstained altar of Trog.
  3031 | D:3      | Found a shattered altar of Ashenzari.
  3031 | D:3      | Found a basalt altar of Yredelemnul.
  3031 | D:3      | Found a glowing golden altar of the Shining One.
  3040 | D:3      | Became a worshipper of Ashenzari the Shackled
  3068 | D:3      | Found a faded altar of an unknown god.
  3107 | D:3      | Found a radiant altar of Vehumet.
  3244 | D:4      | Reached skill level 5 in Stealth
  3244 | D:4      | Reached XP level 6. HP: 31/46 MP: 4/12
  3376 | D:4      | Found a staircase to the Ecumenical Temple.
  3642 | D:4      | Found an opulent altar of Gozag.
  3745 | D:4      | Reached skill level 5 in Spellcasting
  3745 | D:4      | Reached XP level 7. HP: 43/53 MP: 11/14
  3758 | D:4      | Found an iron altar of Okawaru.
  3965 | Temple   | Entered the Ecumenical Temple
  4217 | D:4      | Reached skill level 5 in Dodging
  4458 | D:4      | Found a sparkling altar of Nemelex Xobeh.
  4563 | D:5      | Entered Level 5 of the Dungeon
  4576 | D:5      | Reached skill level 5 in Short Blades
  4754 | D:5      | Noticed Sigmund
  4767 | D:5      | Reached XP level 8. HP: 38/61 MP: 9/16
  4848 | D:4      | Reached skill level 5 in Armour
  5099 | D:5      | Killed Sigmund
  5099 | D:5      | Reached skill level 5 in Fighting
  5724 | D:6      | Noticed zhorgal's ghost (novice VSBe)
  5786 | D:6      | Killed zhorgal's ghost
  5786 | D:6      | Reached skill level 1 in Evocations
  5797 | D:6      | Reached XP level 9. HP: 52/69 MP: 7/19
  5939 | D:6      | Reached * piety under Ashenzari
  6691 | D:6      | Noticed Eustachio
  6695 | D:6      | Killed Eustachio
  6815 | D:7      | Learned a level 3 spell: Dazzling Spray
  6819 | D:7      | Learned a level 3 spell: Gell's Gravitas
  6825 | D:7      | Learned a level 5 spell: Metabolic Englaciation
  6831 | D:7      | Found a stormy altar of Qazlal.
  6831 | D:7      | Noticed an oklob plant
  7223 | D:7      | Reached skill level 1 in Conjurations
  7223 | D:7      | Reached skill level 1 in Translocations
  7223 | D:7      | Reached skill level 1 in Ice Magic
  7230 | D:7      | Reached skill level 5 in Evocations
  7369 | D:7      | Found a sacrificial altar of Ru.
  7922 | D:8      | Noticed a two-headed ogre
  7983 | D:8      | HP: 3/72 [two-headed ogre (18)]
  7985 | D:8      | Killed a two-headed ogre
  7985 | D:8      | Reached XP level 10. HP: 4/79 MP: 0/20
  8933 | D:8      | Noticed a two-headed ogre
  8955 | D:8      | Killed a two-headed ogre
  9162 | D:8      | Found a shadowy altar of Dithmenos.
  9186 | D:8      | Reached skill level 5 in Translocations
  9262 | D:8      | Noticed Erica
  9268 | D:8      | Killed Erica
  9268 | D:8      | Reached skill level 5 in Conjurations
  9268 | D:8      | Reached skill level 5 in Ice Magic
  9529 | D:9      | Noticed a two-headed ogre
  9531 | D:9      | Killed a two-headed ogre
  9615 | D:9      | Reached XP level 11. HP: 82/84 MP: 14/21
  9777 | D:9      | Found a hazy altar of Hepliaklqana.
  9778 | D:9      | Found a shimmering altar of Xom.
  9807 | D:9      | Reached ** piety under Ashenzari
  9843 | D:9      | Reached skill level 1 in Shields
  9934 | D:9      | Noticed a dagger
  9935 | D:9      | Noticed a dagger
  9937 | D:9      | Found a hide-covered altar of Uskayaw.
 10020 | D:9      | Reached skill level 5 in Shields
 10578 | D:10     | Entered Level 10 of the Dungeon
 10578 | D:10     | Noticed Gorglomux's ghost (amateur FoWr)
 10605 | D:10     | Killed Gorglomux's ghost
 10626 | D:10     | Learned a level 4 spell: Summon Ice Beast
 10735 | D:10     | Reached skill level 1 in Summonings
 10998 | D:10     | Found a staircase to the Lair.
 11015 | D:10     | Reached skill level 5 in Summonings
 11285 | D:10     | Noticed a fire dragon
 11291 | D:10     | Identified the cursed +1 fustibalus "Cyann" {flame, rF+ MR+ Str+2}
 11300 | D:10     | Killed a fire dragon
 11387 | D:11     | Noticed Josephine
 11606 | D:11     | Killed Josephine
 11622 | D:11     | Reached XP level 12. HP: 58/91 MP: 4/24
 11769 | D:11     | Noticed Sonja
 11806 | D:11     | Noticed a two-headed ogre
 11820 | D:11     | Killed a two-headed ogre
 12178 | D:11     | Identified the +6 flail "Huit" {protect, rElec rPois rF- Str+6} (You took it off an orc wizard on level 11 of the Dungeon)
 12207 | D:11     | where the fuck is the remove curse
 12333 | D:11     | Learned a level 4 spell: Petrify
 12605 | Lair:1   | Entered Level 1 of the Lair of Beasts
 12742 | Lair:1   | Reached skill level 1 in Earth Magic
 12852 | Lair:1   | Reached *** piety under Ashenzari
 12945 | Lair:1   | Noticed Harold
 12968 | Lair:1   | Killed Harold
 13487 | Lair:2   | Found a staircase to the Swamp.
 13802 | Lair:2   | Noticed a queen ant
 13836 | Lair:2   | Killed a queen ant
 13836 | Lair:2   | Reached skill level 5 in Earth Magic
 14178 | Lair:2   | Reached skill level 1 in Maces & Flails
 14178 | Lair:2   | Reached XP level 13. HP: 101/101 MP: 26/26
 14773 | Lair:2   | Reached skill level 5 in Maces & Flails
 14949 | Lair:3   | what the actual fuck with remove curse
 16434 | Lair:4   | Found a dark tunnel.
 16573 | Volcano  | Entered a volcano
 16592 | Volcano  | Found a radiant altar of Vehumet.
 16594 | Volcano  | Reached **** piety under Ashenzari
 17614 | Lair:4   | Reached XP level 14. HP: 25/108 MP: 3/27
 18128 | Lair:4   | Found a hole to the Spider Nest.
 18242 | Lair:4   | Reached skill level 5 in Transmutations
 18325 | Lair:4   | Slain by an alligator

Vault maps used:
D:1:      minmay_arrival_five_plusses
D:2:      serial_bayou_crossing
D:3:      old_standard_altar, gammafunk_temple_overflow_forgotten,
          vehumet_crystals, chequers_ecumenical_altar_lobes
D:4:      lemuel_coloured_pillars_altar, lemuel_doored_altar,
          minmay_temple_entry_overgrown, first_bread, okawaru_altar_gauntlet_db
D:5:      uniq_sigmund
D:6:      minmay_opposing_rooms, uniq_eustachio
D:7:      overflow_temple_1_default, minmay_misc_feat_doors, lemuel_oklob_altar
D:8:      kennysheep_mini_moat, special_room, serial_glass, glass_columns_a,
          glass_columns_c, uniq_erica
D:9:      regret_index_temple_of_mockery, dancing_weapons_uskayaw,
          grunt_livestock, hangedman_decor_growths
D:10:     dragon1_lemuel, minmay_lair_entry_lava
D:11:     kennysheep_another_room, uniq_sonja, uniq_josephine
Temple:   kb_temple_of_zot
Lair:1:   serial_bayou_lagoon_a, uniq_harold
Lair:2:   swamp_mist, st_stairs_7, minivault_29, grunt_megastairs_1
Lair:4:   onia_ninara_swampy_vault, nicolae_spider_entry_non_spiders,
          enter_volcano_1
Lair:5:   beast_lair_carwin_5, lemuel_fruit_tree, grunt_megastairs_3
Volcano:  kennysheep_volcano_temple

Skill      XL: |  1  2  3  4  5  6  7  8  9 10 11 12 13 14 |
---------------+-------------------------------------------+-----
Short Blades   | 2 3 4 5 7 8 9 |  9.0
Armour         | 1 2 3 4 5 7 8 |  8.0
Fighting       | 1 2 3 4 5 7 9 |  9.0
Dodging        | 4 5 6 7 9 |  9.0
Hexes          | 5 6 7 |  7.0
Spellcasting   | 4 5 7 8 9 |  9.0
Stealth        | 5 6 7 8 |  8.0
Evocations     | 1 6 7 9 |  9.0
Conjurations   | 3 6 7 |  7.0
Translocations | 3 7 |  7.0
Ice Magic      | 3 6 7 |  7.0
Shields        | 7 8 9 |  9.0
Summonings     | 7 9 |  9.0
Earth Magic    | 6 7 |  7.0
Maces & Flails | 1 9 |  9.0
Transmutations | 2 5 |  5.2

Action                   |  1- 3 |  4- 6 |  7- 9 | 10-12 | 13-15 || total
-------------------------+-------+-------+-------+-------+-------++-------
Melee: Dagger            |   127 |   270 |   577 |   693 |   234 ||  1901
       Bite              |    10 |    17 |    39 |    61 |    25 ||   152
 Cast: Corona            |     1 |       |       |       |     1 ||     2
       Ensorcelled Hiber |    17 |    56 |   125 |   224 |    91 ||   513
       Confuse           |       |       |    16 |    36 |     9 ||    61
       Tukima's Dance    |       |       |     3 |     6 |     6 ||    15
       Summon Ice Beast  |       |       |       |     7 |    16 ||    23
       Dazzling Spray    |       |       |       |       |    10 ||    10
Evoke: Wand              |       |       |       |     5 |    13 ||    18
  Use: Scroll            |     1 |    12 |     8 |     7 |     5 ||    33
       Potion            |       |       |     1 |     2 |     4 ||     7
 Stab: Sleeping          |    10 |    41 |    64 |   155 |    65 ||   335
       Confused          |       |       |     6 |    29 |     6 ||    41
       Distracted        |       |       |     1 |     4 |     1 ||     6
       Invisible         |       |       |       |    10 |    10 ||    20
       Paralysed         |       |       |       |     4 |     2 ||     6
  Eat: Chunk             |     3 |    10 |    14 |    17 |    12 ||    56
       Fruit             |       |       |     1 |       |     3 ||     4
       Meat ration       |       |       |       |     1 |       ||     1
Armor: Robe              |    20 |    15 |       |       |       ||    35
       Leather armour    |       |    44 |   100 |   158 |    64 ||   366
       Skin              |       |       |    25 |       |    16 ||    41
Dodge: Dodged            |    68 |   152 |   350 |   478 |   115 ||  1163
Block: Buckler           |       |       |       |    72 |       ||    72
       Shield            |       |       |       |    32 |   114 ||   146
